 Dungeon Crawl Stone Soup version 0.28-a0-1142-gc8569940dd (webtiles) character file.

Game seed: 5802897233339359691

23 LadyOphelia the Skirmisher (level 2, -3/49 HPs)
             Began as an Ogre Berserker on Dec 13, 2021.
             Was a Follower of Trog.
             Slain by a kobold (5 damage)
             ... on level 1 of the Dungeon.
             The game lasted 00:01:43 (623 turns).

LadyOphelia the Skirmisher (Ogre Berserker)          Turns: 623, Time: 00:01:43

Health: -3/49      AC:  3    Str: 20    XL:     2   Next: 95%
Magic:  2/2        EV: 10    Int:  8    God:    Trog [*.....]
Gold:   7          SH:  0    Dex:  8    Spells: 1/1 levels left

rFire   x . .      SeeInvis .   a - +0 hand axe
rCold   + . .      Faith    .   (no shield)
rNeg    . . .      Spirit   .   b - +0 animal skin
rPois   .          Reflect  .   (helmet restricted)
rElec   .          Harm     .   (no cloak)
rCorr   .          Rampage  .   (gloves unavailable)
Will    .....                   (boots unavailable)
Stlth   ..........              (no amulet)
HPRegen 0.16/turn               e - ring of ice
MPRegen 0.08/turn               (no ring)

@: berserking, very quick
A: large, unfitting armour, tough skin 1
a: Renounce Religion, Berserk


You were on level 1 of the Dungeon.
You worshipped Trog.
Trog was aware of your devotion.
You visited 1 branch of the dungeon, and saw 1 of its levels.

You collected 7 gold pieces.

Inventory:

Hand Weapons
 a - a +0 hand axe (weapon)
Armour
 b - a +0 animal skin (worn)
Jewellery
 e - a ring of ice (left hand)
Scrolls
 d - a scroll of teleportation {unknown}
 g - a scroll of immolation {unknown}
Potions
 c - 2 potions of magic {unknown}
 f - a potion of haste {unknown}


   Skills:
 + Level 4.5 Fighting
 + Level 3.3 Axes
 + Level 3.0 Dodging


You had one spell level left.
You didn't know any spells.
Your spell library was empty.

Dungeon Overview and Level Annotations

Branches:
Dungeon (1/15)

Altars:


Innate Abilities, Weirdness & Mutations

You are too large for most types of armour.
You have tough skin. (AC +1)


Message History

The hobgoblin is almost dead.
The hobgoblin hits you.
You barely miss the hobgoblin.
The hobgoblin is almost dead.
The hobgoblin misses you.
There are monsters nearby!
You barely miss the hobgoblin.
The hobgoblin is almost dead.
The hobgoblin closely misses you.
An endoplasm comes into view.
The hobgoblin hits you.
The endoplasm quivers.
You hit the hobgoblin but do no damage.
The hobgoblin is almost dead.
You hit the kobold.
The kobold hits you with a +2 short sword of freezing.
The kobold freezes you. The hobgoblin hits you.
You closely miss the hobgoblin.
The hobgoblin is almost dead.
You barely miss the kobold.
The kobold hits you with a +2 short sword of freezing.
The kobold freezes you. The hobgoblin hits you.
You hit the hobgoblin.
You kill the hobgoblin!
Trog accepts your kill.
You closely miss the kobold.
The kobold hits you with a +2 short sword of freezing.
* * * LOW HITPOINT WARNING * * *
The kobold hits you with a +2 short sword of freezing.
* * * LOW HITPOINT WARNING * * *
You see here a hobgoblin corpse.
The kobold hits you with a +2 short sword of freezing.
* * * LOW HITPOINT WARNING * * *
The kobold barely misses you.
You see here a hobgoblin corpse.
A red film seems to cover your vision as you go berserk!
You feel yourself moving faster!
You feel mighty!
The endoplasm hits you but does no damage.
The kobold hits you with a +2 short sword of freezing.
You die...

##.......# #. ...
#......... #. #.#
#......... #.. #.##
#......... #.. #..#
#.._...... ...#..#
#......... #####.#..#
##.......#
.......JK###.>.......
#.@............
##.............
##.................
...###............
##.###...........#
###...#..........##
........)........#
########......###...
#....†........# ###


You could see an endoplasm and a kobold.

Vanquished Creatures
  A dart slug (D:1)
  2 bats (D:1)
  2 endoplasms (D:1)
  A giant cockroach (D:1)
  A goblin (D:1)
  3 hobgoblins (D:1)
  2 quokkas (D:1)
  2 ball pythons (D:1)
  3 kobolds (D:1)
  2 rats (D:1)
19 creatures vanquished.

Notes
Turn   | Place    | Note
-------+----------+-------------------------------------------
     0 | D:1      | LadyOphelia the Ogre Berserker began the quest for the Orb.
     0 | D:1      | Reached XP level 1. HP: 24/24 MP: 1/1
   106 | D:1      | Reached XP level 2. HP: 18/32 MP: 2/2
   597 | D:1      | Found a faded altar of an unknown god.
   621 | D:1      | HP: 1/33 [kobold (4)]
   623 | D:1      | Slain by a kobold

Illustrated notes

Levels and vault maps discovered:
D:1:      dpeg_arrival_boxes_within_box, layout_rooms, basic_ecumenical_altar,
          minmay_pentomino_o4

Skill      XL: |  1  2 |
---------------+-------+-----
Dodging        | 3 |  3.0
Fighting       | |  4.5
Axes           | |  3.3

Action                   || total
-------------------------++-------
Melee: Hand axe          ||    64
Invok: Berserk           ||     1
Armor: Animal skin       ||    21
Dodge: Dodged            ||    36

Table legend: (Time is in decaauts)
 A = Elapsed time spent in this place.
 B = Non-inter-level travel time spent in this place.
 C = Inter-level travel time spent in this place.
 D = Time resting spent in this place.
 E = Time spent auto-exploring this place.
 F = Levels seen in this place.
 G = Mean time per level.
                   A        B        C        D        E       F      G
               +--------+--------+--------+--------+--------+-----+--------+
         Total |    631 |    631 |      0 |    196 |    258 |   1 |  631.0 |
       Dungeon |    631 |    631 |      0 |    196 |    258 |   1 |  631.0 |
               +--------+--------+--------+--------+--------+-----+--------+

Top non-repeatable levels by time:
     D:1: 631 daAuts
